 Dungeon Crawl Stone Soup version 0.27-a0-1502-g47ed6a6988 (webtiles) character file.

Game seed: 8862184289442255823

59 wakim the Chiller (level 3, 0/19 HPs)
             Began as a Deep Elf Ice Elementalist on July 8, 2021.
             Slain by a wyvern zombie (15 damage)
             ... on level 3 of the Dungeon.
             The game lasted 00:03:23 (1663 turns).

wakim the Chiller (Deep Elf Ice Elementalist)       Turns: 1663, Time: 00:03:23

Health: 0/19       AC:  2    Str:  5    XL:     3   Next: 78%
Magic:  9/9        EV: 12    Int: 20    God:
Gold:   38         SH:  4    Dex: 15    Spells: 7/8 levels left

rFire    . . .     SeeInvis .   a - +0 dagger
rCold    . . .     Faith    .   c - +0 buckler
rNeg     . . .     Spirit   .   e - +0 robe
rPois    .         Reflect  .   (no helmet)
rElec    .         Harm     .   (no cloak)
rCorr    .         Rampage  .   (no gloves)
Will     .....                  (no boots)
Stlth    ++........             (no amulet)
HPRegen  0.06/turn              (no ring)
MPRegen  0.11/turn              (no ring)

@: no status effects
A: no striking features
a: no special abilities


You were on level 3 of the Dungeon.
You visited 1 branch of the dungeon, and saw 3 of its levels.

You collected 38 gold pieces.

Inventory:

Hand Weapons
 a - a +0 dagger (weapon)
Armour
 c - a +0 buckler (worn)
 e - a +0 robe (worn)
Scrolls
 b - 3 scrolls of identify {unknown}
 d - a scroll of fear {unknown}
 f - a scroll of fog {unknown}


   Skills:
 + Level 3.2 Dodging
 - Level 2.4 Stealth
 * Level 1.0 Shields
 - Level 3.0 Spellcasting
 * Level 5.3 Ice Magic


You had 7 spell levels left.
You knew the following spells:

 Your Spells              Type           Power      Damage    Failure   Level
a - Freeze                Ice            96%        1d11      2%          1

Your spell library contained the following spells:

 Spells                   Type           Power      Damage    Failure   Level
 Frozen Ramparts          Ice            48%        1d6       7%          3
 Ozocubu's Armour         Ice            24%        N/A       7%          3
 Apportation              Tloc           6%         N/A       21%         1
 Gell's Gravitas          Tloc           1%         N/A       52%         3
 Inner Flame              Hex/Fire       3%         N/A       52%         3
 Lesser Beckoning         Tloc           1%         N/A       52%         3
 Teleport Other           Tloc           3%         N/A       52%         3
 Hailstorm                Conj/Ice       13%        3d5       56%         4
 Cause Fear               Hex            1%         N/A       90%         4
 Alistair's Intoxication  Tmut/Pois      2%         N/A       99%         5
 Invisibility             Hex            1%         N/A       100%        6
 Discord                  Hex            1%         N/A       100%        8


Dungeon Overview and Level Annotations

Branches:
Dungeon (3/15)

Altars:


Message History

Aim: a dart slug (heavily wounded)
You freeze the dart slug.
You kill the dart slug!
You feel sick.
You feel sick.
You are no longer poisoned.
Things that are here:
a ball python corpse; an adder corpse
Found a faded altar of an unknown god.
Things that are here:
a ball python skeleton; an adder skeleton
Found 12 gold pieces.
Found a book of Party Tricks.
You now have 38 gold pieces (gained 12).
You pick up a book of Party Tricks and begin reading...
You add the spells Apportation, Alistair's Intoxication and Invisibility to your library.
Okay, then.
Done exploring.
Done exploring.
Unknown command.
There is an escape hatch in the floor here.
There is a stone staircase leading up here.
There is a stone staircase leading down here.
You climb downwards.
There is a stone staircase leading up here.
b - 3 scrolls labelled VEUWASM VOREAFU (gained 1)
A wyvern zombie comes into view.
A wyvern zombie is nearby!
A bat comes into view.
A quokka comes into view.
The wyvern zombie barely misses you. You block the wyvern zombie's attack.
You see here a scroll labelled LONAQU VAUNOT.
f - a scroll labelled LONAQU VAUNOT The wyvern zombie barely misses you.
The wyvern zombie bites you.
A goblin comes into view. It is wielding a +0 club.
The wyvern zombie barely misses you. The wyvern zombie bites you!
Ouch! That really hurt!
You die...

###+#+## #......#
######@...<.#
####.....Z.....#
#..............+
#........r.....#
#..............#
#..............#
#..............#
#................
####.....b.......


You could see a wyvern zombie and a quokka.

Vanquished Creatures
  3 adders (D:2)
  A dart slug (D:2)
  2 endoplasms
  A giant cockroach (D:2)
  7 hobgoblins
  2 jackals (D:1)
  3 kobolds
  A quokka (D:1)
  4 ball pythons
  3 goblins (D:1)
  A rat (D:1)
28 creatures vanquished.

Notes
Turn   | Place    | Note
-------+----------+-------------------------------------------
     0 | D:1      | wakim the Deep Elf Ice Elementalist began the quest for the
                  | Orb.
     0 | D:1      | Reached XP level 1. HP: 10/10 MP: 6/6
   203 | D:1      | You fall into a shaft and drop 1 floor!
   491 | D:1      | Reached XP level 2. HP: 15/15 MP: 5/8
   768 | D:1      | Reached skill level 5 in Ice Magic
  1031 | D:2      | Reached XP level 3. HP: 19/19 MP: 5/9
  1351 | D:2      | Reached skill level 1 in Shields
  1555 | D:2      | Found a faded altar of an unknown god.
  1663 | D:3      | Slain by a wyvern zombie

Illustrated notes

Levels and vault maps discovered:
D:1:      nagdon_arrival_zigzag_paths, layout_loops_ring, bh_walls_and_bars
D:2:      layout_rooms, shapermc_ecumenical_altar_pompeii
D:3:      layout_basic, mainiacjoe_overflow_paths, uniq_sigmund

Skill      XL: |  1  2  3 |
---------------+----------+-----
Ice Magic      | 5 |  5.3
Dodging        | 3 |  3.2
Shields        | 1 |  1.0
Stealth        | |  2.4
Spellcasting   | |  3.0

Action                   || total
-------------------------++-------
 Cast: Freeze            ||    41
Armor: Robe              ||     2
Dodge: Dodged            ||    16
Block: Buckler           ||     2

Table legend: (Time is in decaauts)
 A = Elapsed time spent in this place.
 B = Non-inter-level travel time spent in this place.
 C = Inter-level travel time spent in this place.
 D = Time resting spent in this place.
 E = Time spent auto-exploring this place.
 F = Levels seen in this place.
 G = Mean time per level.
                   A        B        C        D        E       F      G
               +--------+--------+--------+--------+--------+-----+--------+
         Total |   1663 |   1600 |     63 |      0 |   1444 |   3 |  554.3 |
       Dungeon |   1663 |   1600 |     63 |      0 |   1444 |   3 |  554.3 |
               +--------+--------+--------+--------+--------+-----+--------+

Top non-repeatable levels by time:
     D:1: 858 daAuts
     D:2: 791 daAuts
     D:3: 13 daAuts
